 Dungeon Crawl Stone Soup version 0.30-a0-1016-gfb0d676c02 (webtiles) character file.

Game seed: 16356533486555055351

14 jtron the Trooper (level 2, 0/24 HPs)
             Began as a Demonspawn Wanderer on Apr 6, 2023.
             Slain by an endoplasm (2 damage)
             ... on level 1 of the Dungeon.
             The game lasted 00:01:19 (422 turns).

jtron the Trooper (Demonspawn Wanderer)              Turns: 422, Time: 00:01:19

Health: 0/24       AC:  2    Str: 11    XL:     2   Next: 27%
Magic:  3/3        EV: 10    Int: 12    God:
Gold:   0          SH:  6    Dex: 14    Spells: 3/3 levels left

rFire   . . .      SeeInvis .    a - +0 rapier
rCold   . . .      Faith    .    e - +2 buckler
rNeg    . . .      Spirit   .    d - +0 robe
rPois   .          Reflect  .    (no helmet)
rElec   .          Rampage  .    (no cloak)
rCorr   .                        (no gloves)
Will    .....                    (no boots)
Stlth   +                        (no amulet)
HPRegen 0.24/turn                (no ring)
MPRegen 0.08/turn                (no ring)

@: no status effects
A: claws 1
a: no special abilities


You were on level 1 of the Dungeon.
You visited 1 branch of the dungeon, and saw 1 of its levels.

Inventory:

Hand Weapons
 a - a +0 rapier (weapon)
 j - a +0 dagger
Missiles
 f - 3 silver javelins
 g - 12 stones (quivered)
Armour
 d - a +0 robe (worn)
 e - a +2 buckler (worn)
Scrolls
 h - 3 scrolls of identify {unknown}
 i - a scroll of fear {unknown}
 k - a scroll of immolation {unknown}
Potions
 b - a potion of lignification
 c - 3 potions of attraction
 l - a potion of cancellation {unknown}


   Skills:
 + Level 3.4 Fighting
 + Level 1.0 Armour
 + Level 2.0 Shields
 + Level 2.0 Unarmed Combat
 + Level 1.0 Spellcasting
 + Level 1.2 Invocations


You had 3 spell levels left.
You didn't know any spells.
Your spell library was empty.

Dungeon Overview and Level Annotations

Branches:
Dungeon (1/15)

Altars:


Innate Abilities, Weirdness & Mutations

You have sharp fingernails.


Message History

The endoplasm quivers.
You barely miss the ball python. The ball python barely misses you. x2
You closely miss the ball python. The ball python bites you.
The ball python grabs you. The ball python constricts you.
The ball python barely misses you. The ball python constricts you.
You closely miss the ball python. You block the endoplasm's attack.
The ball python bites you. The ball python constricts you.
You closely miss the ball python. You block the ball python's attack.
The ball python constricts you. The endoplasm hits you.
The ball python bites you. The ball python constricts you.
The endoplasm hits you.
You barely miss the ball python. The ball python closely misses you.
The ball python constricts you. The endoplasm freezes you.
You are frozen.
You hit the ball python.
The ball python is severely wounded.
The ball python bites you but does no damage.
The ball python constricts you. The endoplasm hits you.
The ball python bites you. The ball python constricts you.
You are too injured to fight recklessly!
You are too injured to fight recklessly!
You are too injured to fight recklessly!
You are too injured to fight recklessly!
You are too injured to fight recklessly!
You are too injured to fight recklessly!
You are too injured to fight recklessly!
You are too injured to fight recklessly!
You are too injured to fight recklessly!
You hit the ball python.
You kill the ball python!
The endoplasm freezes you.
You are frozen.
* * * LOW HITPOINT WARNING * * *
You hit the endoplasm but do no damage. The endoplasm freezes you.
You are frozen.
* * * LOW HITPOINT WARNING * * *
The endoplasm hits you.
You die...

..... ...... .....
#.....# ...... #.....#
...... ......# .w.
......##.....#....
.............#....
......J#†.........
....(..@..........
..........##......
...................
..............####. .
............#...##.. #
............# ....#.#####
............###.#......##
.............##.........#
.........)..............†


You could see an endoplasm.

Vanquished Creatures
  2 bats (D:1)
  4 endoplasms (D:1)
  A goblin (D:1)
  A hobgoblin (D:1)
  3 ball pythons (D:1)
  A kobold (D:1)
12 creatures vanquished.

Notes
Turn   | Place    | Note
-------+----------+-------------------------------------------
     0 | D:1      | jtron the Demonspawn Wanderer began the quest for the Orb.
     0 | D:1      | jtron set off with the following items: a +0 dagger, a
                  | potion of lignification, 2 potions of attraction, a +0
                  | robe, a +2 buckler.
     0 | D:1      | Reached XP level 1. HP: 18/18 MP: 2/2
   328 | D:1      | Gained mutation: You have sharp fingernails. [demonic
                  | ancestry]
   328 | D:1      | Reached XP level 2. HP: 18/24 MP: 3/3
   422 | D:1      | Slain by an endoplasm

Illustrated notes

Levels and vault maps discovered:
D:1:      dpeg_arrival_prison, layout_rooms

Skill      XL: |  1  2 |
---------------+-------+-----
Shields        | 2 |  2.0
Unarmed Combat | 2 |  2.0
Fighting       | |  3.4
Armour         | |  1.0
Spellcasting   | |  1.0
Invocations    | |  1.2

Action                     || total
---------------------------++-------
  Melee: Rapier            ||    28
         Dagger            ||     8
  Throw: Stone             ||     2
 Armour: Robe              ||    12
  Dodge: Dodged            ||    21
  Block: Buckler           ||    11

Table legend: (Time is in decaauts)
 A = Elapsed time spent in this place.
 B = Non-inter-level travel time spent in this place.
 C = Inter-level travel time spent in this place.
 D = Time resting spent in this place.
 E = Time spent auto-exploring this place.
 F = Levels seen in this place.
 G = Mean time per level.
                   A        B        C        D        E       F      G
               +--------+--------+--------+--------+--------+-----+--------+
         Total |    428 |    428 |      0 |    165 |    144 |   1 |  428.0 |
       Dungeon |    428 |    428 |      0 |    165 |    144 |   1 |  428.0 |
               +--------+--------+--------+--------+--------+-----+--------+

Top non-repeatable levels by time:
     D:1: 428 daAuts
